Inferno vs Ice Dragons
Created - 14 février 2015 at 20:41
Goals
|
| Inferno |
0 |
2 |
0 |
2 |
| Ice Dragons |
2 |
1 |
1 |
4 |
|
Shots
|
| Inferno |
5 |
14 |
19 |
38 |
| Ice Dragons |
19 |
8 |
8 |
35 |
|
1st period
1. Ice Dragons , Kris Beech 17 (Cal Clutterbuck, Nigel Dawes) at 5:51
2. Ice Dragons , Jeff Tambellini 34 (Alexander Radulov, Patrick O'Sullivan) at 16:38 (PP)
Penalties :
David Savard (Anc) for Tripping (Minor) at 1:52, Stephane Veilleux (Anc) for Hooking (Minor) at 15:25
2nd period
3. Inferno , Vladimir Zharkov 19 (Brian Boyle, Cal O'Reilly) at 1:10
4. Inferno , Brad Marchand 31 (Vladimir Sobotka, Andrej Sekera) at 10:25
5. Ice Dragons , Bryan Bickell 13 (John Mitchell, Danny Syvret) at 16:51
Penalties :
Danny Syvret (Kin) for Diving (Minor) at 14:21, Tyler Eckford (Kin) for Holding Stick (Minor) at 17:04
3rd period
6. Ice Dragons , Cal Clutterbuck 24 (Nigel Dawes) at 6:50 (PP)
Penalties :
Pavel Vorobiev (Anc) for Interference (Minor) at 5:55
Goalie Stats
Josh Harding (Anc), 31 saves from 35 shots - (0,886), L, 27-13-3, 60:00 minutes
Justin Pogge (Kin), 36 saves from 38 shots - (0,947), W, 17-9-6, 60:00 minutes
Players Stats for Inferno
Player Name G A P +/- PIM S H SB GA TA FO MP PP MP PK MP
------------------------------------------------------------------------------------
Alex Berry 0 0 0 -2 0 0 3 0 0 0 0/0 9:53 0:00 0:00
Andrej Sekera 0 1 1 1 0 1 1 3 1 3 0/0 27:20 2:17 2:58
Brad Marchand 1 0 1 0 0 6 5 0 1 0 0/1 18:09 1:59 2:38
Brendan Mikkelson 0 0 0 -1 0 3 0 2 0 2 0/0 22:34 2:17 1:09
Brian Boyle 0 1 1 1 0 2 2 0 0 0 4/9 13:58 0:00 2:37
Cal O'Reilly 0 1 1 -1 0 2 1 0 2 0 2/5 11:40 0:00 0:26
Colin Wilson 0 0 0 0 0 0 1 0 0 1 15/27 18:06 1:59 0:00
David Savard 0 0 0 0 2 0 0 1 0 1 0/0 19:51 1:41 0:00
David Ullstrom 0 0 0 1 0 0 1 0 0 0 0/0 10:48 0:00 0:00
Jonathan Ferland 0 0 0 0 0 3 0 0 0 0 0/1 19:16 1:59 1:10
Mark Mitera 0 0 0 0 0 1 1 2 0 0 0/0 14:08 0:00 1:09
Matt Kassian 0 0 0 -1 0 0 1 0 0 0 0/0 9:05 0:00 0:00
Pavel Vorobiev 0 0 0 0 2 3 2 0 1 0 0/1 15:28 1:59 0:00
Roman Josi 0 0 0 0 0 3 0 4 0 0 0/0 12:59 0:00 0:00
Stephane Veilleux 0 0 0 0 2 2 4 0 1 0 0/0 20:16 1:59 0:13
Travis Hamonic 0 0 0 1 0 4 0 4 0 3 0/0 24:27 1:41 2:58
Vladimir Sobotka 0 1 1 0 0 3 1 0 1 0 6/17 16:39 1:59 1:10
Vladimir Zharkov 1 0 1 1 0 5 1 0 0 0 0/0 11:13 0:00 0:00
Players Stats for Ice Dragons
Player Name G A P +/- PIM S H SB GA TA FO MP PP MP PK MP
------------------------------------------------------------------------------------
Alexander Radulov 0 1 1 0 0 4 3 0 2 1 0/0 19:20 2:24 0:00
Boris Valabik 0 0 0 1 0 1 2 2 0 0 0/0 26:16 2:51 2:11
Brayden McNabb 0 0 0 0 0 0 0 0 0 0 0/0 14:05 0:00 1:20
Bryan Bickell 1 0 1 0 0 2 2 0 0 0 0/0 10:52 0:01 1:36
Cal Clutterbuck 1 1 2 0 0 1 2 1 1 1 1/2 17:30 1:42 0:00
Danny Syvret 0 1 1 0 2 4 0 1 0 0 0/0 19:57 1:16 0:55
Jeff Tambellini 1 0 1 0 0 6 0 1 2 0 0/1 20:21 2:24 1:02
John Mitchell 0 1 1 0 0 0 0 1 0 0 0/2 9:20 0:01 0:10
Jonathan Blum 0 0 0 0 0 2 1 1 0 0 0/0 13:49 0:00 0:27
Kevin Klein 0 0 0 1 0 1 0 0 0 3 0/0 26:16 2:51 2:11
Kris Beech 1 0 1 0 0 3 1 0 0 0 8/14 17:28 1:42 0:00
Marc-Antoine Pouliot 0 0 0 0 0 1 0 0 0 0 1/2 9:26 0:00 0:00
Mats Zuccarello 0 0 0 0 0 3 2 0 1 0 0/0 11:36 0:00 1:09
Nigel Dawes 0 2 2 0 0 0 2 1 2 0 1/1 17:47 1:42 0:00
Niklas Sundstrom 0 0 0 0 0 2 0 1 0 1 0/0 14:15 0:01 2:00
Patrick O'Sullivan 0 1 1 0 0 3 1 0 0 0 22/37 19:14 2:24 0:00
Samuel Groulx 0 0 0 0 0 0 0 0 0 0 0/0 0:08 0:00 0:00
Shean Donovan 0 0 0 -1 0 2 1 0 1 0 1/2 8:25 0:00 1:59
Tyler Eckford 0 0 0 -1 2 0 0 0 1 1 0/0 19:55 1:16 0:52
3 Stars
1 - Cal Clutterbuck (Kin)
2 - Brad Marchand (Anc)
3 - Justin Pogge (Kin)
Power Play
Inferno - 0 on 2 Attempt(s) - 0,00%
Ice Dragons - 2 on 3 Attempt(s) - 66,67%
Penalty Kill
Inferno - 1 on 3 Attempt(s) - 33,33%
- Score 0 goal in Penalty Kill
Ice Dragons - 2 on 2 Attempt(s) - 100,00%
- Score 0 goal in Penalty Kill
Team Stat
Inferno - Hits : 24 - Faceoff Wins : 27 - Blocked Shots : 16 - Penalty Minutes : 6
Ice Dragons - Hits : 17 - Faceoff Wins : 34 - Blocked Shots : 9 - Penalty Minutes : 4
Official
Referees : Meier Brad and Morton Dean
Linesman : Brian Murphy and Mike Cvik
Game Notes
No Game Note
Finance
Level 1 -- Attendance: 1531 (76,55%) -- Ticket Income 53 585 $
Level 2 -- Attendance: 717 (71,70%) -- Ticket Income 10 755 $
Total Attendance: 2248 (74,93%)
Total Ticket Income: 64 340 $
Other Income: 3 217 $
Total Income: 67 557 $
Inferno
5 vs 5 Forward
Center Left Wing Right Wing Time % Phy DF OF
1 Colin Wilson Stephane Veilleux Jonathan Ferland 40 1 2 2
2 Vladimir Sobotka Brad Marchand Pavel Vorobiev 30 1 2 2
3 Brian Boyle David Ullstrom Vladimir Zharkov 20 1 2 2
4 Cal O'Reilly Matt Kassian Alex Berry 10 1 2 2
5 vs 5 Defense
Defense Defense Time % Phy DF OF
1 Andrej Sekera Brendan Mikkelson 40 1 2 2
2 David Savard Travis Hamonic 30 1 2 2
3 Roman Josi Mark Mitera 20 1 2 2
4 Andrej Sekera Travis Hamonic 10 1 2 2
PowerPlay Forward
Center Left Wing Right Wing Time % Phy DF OF
1 Colin Wilson Brad Marchand Jonathan Ferland 60 1 2 2
2 Vladimir Sobotka Stephane Veilleux Pavel Vorobiev 40 1 2 2
PowerPlay Defense
Defense Defense Time % Phy DF OF
1 Andrej Sekera Brendan Mikkelson 60 1 2 2
2 David Savard Travis Hamonic 40 1 2 2
Penalty Kill 4 Players Forward
Center Wing Time % Phy DF OF
1 Brian Boyle Brad Marchand 60 1 2 2
2 Vladimir Sobotka Jonathan Ferland 40 1 2 2
Penalty Kill 4 Players Defense
Defense Defense Time % Phy DF OF
1 Andrej Sekera Travis Hamonic 60 1 2 2
2 Brendan Mikkelson Mark Mitera 40 1 2 2
Penalty Kill - 3 Players Forward
Forward Time % Phy DF OF
1 Stephane Veilleux 60 1 2 2
2 Brad Marchand 40 1 2 2
Penalty Kill - 3 Players Defense
Defense Defense Time % Phy DF OF
1 Andrej Sekera Travis Hamonic 60 1 2 2
2 Brendan Mikkelson Mark Mitera 40 1 2 2
4 vs 4 Forward
Center Wing Time % Phy DF OF
1 Colin Wilson Brad Marchand 60 1 2 2
2 Vladimir Sobotka Jonathan Ferland 40 1 2 2
4 vs 4 Defense
Defense Defense Time % Phy DF OF
1 Andrej Sekera Brendan Mikkelson 60 1 2 2
2 David Savard Travis Hamonic 40 1 2 2
Last Minutes Offensive
Center Left Wing Right Wing Defense Defense
Colin Wilson Stephane Veilleux Jonathan Ferland Andrej Sekera Travis Hamonic
Last Minutes Defensive
Center Left Wing Right Wing Defense Defense
Colin Wilson Stephane Veilleux Jonathan Ferland Andrej Sekera Travis Hamonic
Goaltenders
Starting : Josh Harding
Backup : Jonathan Boutin
Extra Forwards
Normal : Brian Boyle, Vladimir Zharkov, Cal O'Reilly - PP : Brian Boyle, Vladimir Zharkov - PK : Cal O'Reilly
Extra Defensemen
Normal : Brendan Mikkelson, David Savard, Mark Mitera - PP : Brendan Mikkelson - PK : Brendan Mikkelson, Mark Mitera
Penalty Shots
Stephane Veilleux, Brad Marchand, Colin Wilson, Jonathan Ferland, Pavel Vorobiev
Ice Dragons
5 vs 5 Forward
Center Left Wing Right Wing Time % Phy DF OF
1 Patrick O'Sullivan Jeff Tambellini Alexander Radulov 40 0 2 3
2 Kris Beech Nigel Dawes Cal Clutterbuck 30 0 2 3
3 Marc-Antoine Pouliot Mats Zuccarello Niklas Sundstrom 20 0 2 3
4 John Mitchell Bryan Bickell Shean Donovan 10 0 2 3
5 vs 5 Defense
Defense Defense Time % Phy DF OF
1 Boris Valabik Kevin Klein 40 0 2 3
2 Danny Syvret Tyler Eckford 30 0 2 3
3 Jonathan Blum Brayden McNabb 20 0 3 2
4 Danny Syvret Tyler Eckford 10 1 3 1
PowerPlay Forward
Center Left Wing Right Wing Time % Phy DF OF
1 Patrick O'Sullivan Jeff Tambellini Alexander Radulov 60 1 1 3
2 Kris Beech Nigel Dawes Cal Clutterbuck 40 1 1 3
PowerPlay Defense
Defense Defense Time % Phy DF OF
1 Boris Valabik Kevin Klein 60 1 1 3
2 Danny Syvret Tyler Eckford 40 1 1 3
Penalty Kill 4 Players Forward
Center Wing Time % Phy DF OF
1 Shean Donovan Niklas Sundstrom 60 1 4 0
2 Jeff Tambellini Bryan Bickell 40 1 4 0
Penalty Kill 4 Players Defense
Defense Defense Time % Phy DF OF
1 Boris Valabik Kevin Klein 60 1 4 0
2 Danny Syvret Tyler Eckford 40 1 4 0
Penalty Kill - 3 Players Forward
Forward Time % Phy DF OF
1 Shean Donovan 60 1 4 0
2 Niklas Sundstrom 40 1 4 0
Penalty Kill - 3 Players Defense
Defense Defense Time % Phy DF OF
1 Boris Valabik Kevin Klein 60 1 4 0
2 Danny Syvret Tyler Eckford 40 1 4 0
4 vs 4 Forward
Center Wing Time % Phy DF OF
1 Kris Beech Niklas Sundstrom 60 0 2 3
2 John Mitchell Alexander Radulov 40 0 2 3
4 vs 4 Defense
Defense Defense Time % Phy DF OF
1 Boris Valabik Kevin Klein 60 0 2 3
2 Danny Syvret Tyler Eckford 40 0 2 3
Last Minutes Offensive
Center Left Wing Right Wing Defense Defense
Patrick O'Sullivan Jeff Tambellini Alexander Radulov Boris Valabik Kevin Klein
Last Minutes Defensive
Center Left Wing Right Wing Defense Defense
Kris Beech Jeff Tambellini Shean Donovan Boris Valabik Kevin Klein
Goaltenders
Starting : Justin Pogge
Backup : Anders Nilsson
Extra Forwards
Normal : Kris Beech, Cal Clutterbuck, Mats Zuccarello - PP : Kris Beech, Cal Clutterbuck - PK : Mats Zuccarello
Extra Defensemen
Normal : Jonathan Blum, Brayden McNabb, Tyler Eckford - PP : Jonathan Blum - PK : Brayden McNabb, Jonathan Blum
Penalty Shots
Nigel Dawes, Niklas Sundstrom, Jeff Tambellini, Patrick O'Sullivan, Shean Donovan
% Time on Ice - Inferno
Lines # - Real PCT - Wanted PCT - Time Play
Normal Forward
1 - 34% - 40% - 17:47
2 - 27% - 30% - 14:15
3 - 21% - 20% - 10:48
4 - 17% - 10% - 9:05
Normal Defense
1 - 38% - 40% - 19:50
2 - 32% - 30% - 16:31
3 - 25% - 20% - 12:59
4 - 5% - 10% - 2:35
PP Forward
1 - 50% - 60% - 1:59
2 - 50% - 40% - 1:59
PP Defense
1 - 58% - 60% - 2:17
2 - 42% - 40% - 1:41
PK Forward
1 - 72% - 60% - 2:57
2 - 28% - 40% - 1:10
PK Defense
1 - 72% - 60% - 2:58
2 - 28% - 40% - 1:09
PK3 Forward
1 - 0% - 60%
2 - 0% - 40%
PK3 Defense
1 - 0% - 60%
2 - 0% - 40%
44 Forward
1 - 0% - 60%
2 - 0% - 40%
44 Defense
1 - 0% - 60%
2 - 0% - 40%
Last Minute Offensive - 0:00
Last Minute Defensive - 0:00
Total
Forward - 60:00
Defense - 60:00
|
% Time on Ice - Ice Dragons
Lines # - Real PCT - Wanted PCT - Time Play
Normal Forward
1 - 38% - 40% - 19:34
2 - 32% - 30% - 16:52
3 - 18% - 20% - 9:26
4 - 12% - 10% - 6:03
Normal Defense
1 - 41% - 40% - 21:14
2 - 28% - 30% - 14:44
3 - 25% - 20% - 12:53
4 - 6% - 10% - 3:04
PP Forward
1 - 59% - 60% - 2:25
2 - 41% - 40% - 1:42
PP Defense
1 - 69% - 60% - 2:51
2 - 31% - 40% - 1:16
PK Forward
1 - 83% - 60% - 3:18
2 - 17% - 40% - 0:40
PK Defense
1 - 55% - 60% - 2:11
2 - 45% - 40% - 1:47
PK3 Forward
1 - 0% - 60%
2 - 0% - 40%
PK3 Defense
1 - 0% - 60%
2 - 0% - 40%
44 Forward
1 - 0% - 60%
2 - 0% - 40%
44 Defense
1 - 0% - 60%
2 - 0% - 40%
Last Minute Offensive - 0:00
Last Minute Defensive - 0:00
Total
Forward - 60:00
Defense - 60:00
|
Play by Play
1st period
0:01 of 1st period - Colin Wilson wins face-off versus Patrick O'Sullivan in neutral zone.
0:26 of 1st period - Brad Marchand is hit by Nigel Dawes and loses puck.
0:35 of 1st period - Wrist shot by Kris Beech.
0:35 of 1st period - Stopped by Josh Harding with a rebound.
0:37 of 1st period - Slapshot by Boris Valabik.
0:37 of 1st period - Shot Blocked by Andrej Sekera.
0:47 of 1st period - Marc-Antoine Pouliot is hit by Brian Boyle.
1:30 of 1st period - Snap shot by Patrick O'Sullivan.
1:30 of 1st period - Stopped by Josh Harding without a rebound.
1:31 of 1st period - Colin Wilson wins face-off versus Patrick O'Sullivan in Inferno zone.
1:52 of 1st period - Minor Penalty to David Savard for Tripping.
1:53 of 1st period - Patrick O'Sullivan wins face-off versus Brian Boyle in Inferno zone.
2:18 of 1st period - Andrej Sekera is hit by Cal Clutterbuck and loses puck.
3:27 of 1st period - Andrej Sekera is hit by Alexander Radulov and loses puck.
3:52 of 1st period - Penalty to David Savard is over, David Savard is back on ice.
4:19 of 1st period - Cal O'Reilly is hit by Bryan Bickell and loses puck.
4:26 of 1st period - Snap shot by John Mitchell.
4:26 of 1st period - Shot Blocked by Travis Hamonic.
5:03 of 1st period - Slapshot by Niklas Sundstrom.
5:03 of 1st period - Shot Misses the Net.
5:05 of 1st period - Snap shot by Niklas Sundstrom.
5:05 of 1st period - Stopped by Josh Harding with a rebound.
5:07 of 1st period - Slapshot by Brayden McNabb.
5:07 of 1st period - Shot Blocked by Mark Mitera.
5:09 of 1st period - Slapshot by Danny Syvret.
5:09 of 1st period - Shot Blocked by Roman Josi.
5:11 of 1st period - Slapshot by Boris Valabik.
5:11 of 1st period - Shot Blocked by Mark Mitera.
5:13 of 1st period - Backhand shot by Danny Syvret.
5:13 of 1st period - Stopped by Josh Harding with a rebound.
5:31 of 1st period - Slapshot by Bryan Bickell.
5:31 of 1st period - Stopped by Josh Harding without a rebound.
5:32 of 1st period - Vladimir Sobotka wins face-off versus Kris Beech in Inferno zone.
5:38 of 1st period - Icing by Tyler Eckford.
5:39 of 1st period - Kris Beech wins face-off versus Vladimir Sobotka in Ice Dragons zone.
5:39 of 1st period - Kris Beech is hit by Brad Marchand.
5:51 of 1st period - Backhand shot by Kris Beech.
5:51 of 1st period - Goal by Kris Beech - Inferno : 0 - Ice Dragons : 1.
5:52 of 1st period - Kris Beech wins face-off versus Vladimir Sobotka in neutral zone.
6:17 of 1st period - Mark Mitera is hit by Alexander Radulov.
6:37 of 1st period - Danny Syvret is hit by Brad Marchand and loses puck.
7:04 of 1st period - Wrist shot by Vladimir Zharkov.
7:04 of 1st period - Stopped by Justin Pogge without a rebound.
7:05 of 1st period - Brian Boyle wins face-off versus John Mitchell in Ice Dragons zone.
7:06 of 1st period - Snap shot by Vladimir Zharkov.
7:06 of 1st period - Stopped by Justin Pogge with a rebound.
7:32 of 1st period - Travis Hamonic is hit by Boris Valabik and loses puck.
7:37 of 1st period - Snap shot by Mats Zuccarello.
7:37 of 1st period - Stopped by Josh Harding with a rebound.
7:39 of 1st period - Slapshot by Jonathan Blum.
7:39 of 1st period - Deflect By Travis Hamonic.
7:39 of 1st period - Stopped by Josh Harding with a rebound.
8:43 of 1st period - Kevin Klein is hit by Andrej Sekera.
8:46 of 1st period - Off-side.
8:47 of 1st period - Colin Wilson wins face-off versus Marc-Antoine Pouliot in neutral zone.
8:50 of 1st period - Niklas Sundstrom is hit by Stephane Veilleux and loses puck.
8:57 of 1st period - Wrist shot by Colin Wilson.
8:57 of 1st period - Shot Misses the Net.
8:59 of 1st period - Snap shot by Jonathan Ferland.
8:59 of 1st period - Shot Misses the Net.
9:01 of 1st period - Snap shot by Roman Josi.
9:01 of 1st period - Stopped by Justin Pogge without a rebound.
9:02 of 1st period - Kris Beech wins face-off versus Vladimir Sobotka in Ice Dragons zone.
9:35 of 1st period - Wrist shot by Patrick O'Sullivan.
9:35 of 1st period - Deflect By Jeff Tambellini.
9:35 of 1st period - Stopped by Josh Harding with a rebound.
9:37 of 1st period - Slapshot by Jeff Tambellini.
9:37 of 1st period - Stopped by Josh Harding with a rebound.
9:39 of 1st period - Slapshot by Danny Syvret.
9:39 of 1st period - Deflect By Jeff Tambellini.
9:39 of 1st period - Stopped by Josh Harding without a rebound.
9:40 of 1st period - Nigel Dawes wins face-off versus Colin Wilson in Inferno zone.
9:45 of 1st period - Wrist shot by Stephane Veilleux.
9:45 of 1st period - Shot Blocked by Cal Clutterbuck.
11:14 of 1st period - Slapshot by Kris Beech.
11:14 of 1st period - Shot Misses the Net.
11:16 of 1st period - Slapshot by Danny Syvret.
11:16 of 1st period - Stopped by Josh Harding with a rebound.
11:18 of 1st period - Slapshot by Kris Beech.
11:18 of 1st period - Shot Blocked by Travis Hamonic.
11:20 of 1st period - Snap shot by Nigel Dawes.
11:20 of 1st period - Shot Blocked by Travis Hamonic.
11:36 of 1st period - Snap shot by Jeff Tambellini.
11:36 of 1st period - Shot Blocked by David Savard.
11:55 of 1st period - Wrist shot by Vladimir Sobotka.
11:55 of 1st period - Stopped by Justin Pogge without a rebound.
11:56 of 1st period - Kris Beech wins face-off versus Cal O'Reilly in Ice Dragons zone.
12:52 of 1st period - Wrist shot by Marc-Antoine Pouliot.
12:52 of 1st period - Stopped by Josh Harding without a rebound.
12:53 of 1st period - Colin Wilson wins face-off versus Kris Beech in Inferno zone.
12:58 of 1st period - Snap shot by Kris Beech.
12:58 of 1st period - Stopped by Josh Harding without a rebound.
12:59 of 1st period - Kris Beech wins face-off versus Colin Wilson in Inferno zone.
13:57 of 1st period - Snap shot by Kris Beech.
13:57 of 1st period - Shot Blocked by Andrej Sekera.
13:59 of 1st period - Wrist shot by Cal Clutterbuck.
13:59 of 1st period - Shot Misses the Net.
14:01 of 1st period - Slapshot by Boris Valabik.
14:01 of 1st period - Deflect By Andrej Sekera.
14:01 of 1st period - Stopped by Josh Harding without a rebound.
14:02 of 1st period - Patrick O'Sullivan wins face-off versus Vladimir Sobotka in Inferno zone.
14:29 of 1st period - Niklas Sundstrom is hit by Alex Berry.
14:37 of 1st period - Wrist shot by Mats Zuccarello.
14:37 of 1st period - Stopped by Josh Harding with a rebound.
14:48 of 1st period - Off-side.
14:49 of 1st period - Brian Boyle wins face-off versus John Mitchell in neutral zone.
14:54 of 1st period - Snap shot by Vladimir Zharkov.
14:54 of 1st period - Shot Blocked by Danny Syvret.
14:56 of 1st period - Snap shot by Brian Boyle.
14:56 of 1st period - Shot Misses the Net.
14:58 of 1st period - Wrist shot by Vladimir Zharkov.
14:58 of 1st period - Stopped by Justin Pogge without a rebound.
14:59 of 1st period - Patrick O'Sullivan wins face-off versus Vladimir Sobotka in Ice Dragons zone.
15:25 of 1st period - Minor Penalty to Stephane Veilleux for Hooking.
15:26 of 1st period - Patrick O'Sullivan wins face-off versus Brian Boyle in Inferno zone.
16:10 of 1st period - Snap shot by Jonathan Ferland.
16:10 of 1st period - Deflect By Vladimir Sobotka.
16:10 of 1st period - Shot Misses the Net.
16:10 of 1st period - Puck is out of play.
16:11 of 1st period - Brian Boyle wins face-off versus Patrick O'Sullivan in Ice Dragons zone.
16:32 of 1st period - Snap shot by Danny Syvret.
16:32 of 1st period - Deflect By Vladimir Sobotka.
16:32 of 1st period - Stopped by Josh Harding without a rebound.
16:33 of 1st period - Patrick O'Sullivan wins face-off versus Vladimir Sobotka in Inferno zone.
16:38 of 1st period - Snap shot by Jeff Tambellini.
16:38 of 1st period - Goal by Jeff Tambellini - Inferno : 0 - Ice Dragons : 2.
16:39 of 1st period - Colin Wilson wins face-off versus Patrick O'Sullivan in neutral zone.
17:40 of 1st period - Shean Donovan is hit by Vladimir Zharkov and loses puck.
17:53 of 1st period - Snap shot by Danny Syvret.
17:53 of 1st period - Shot Blocked by Roman Josi.
17:55 of 1st period - Snap shot by Alexander Radulov.
17:55 of 1st period - Stopped by Josh Harding without a rebound.
17:56 of 1st period - Colin Wilson wins face-off versus Patrick O'Sullivan in Inferno zone.
19:31 of 1st period - Boris Valabik is hit by Matt Kassian and loses puck.
19:37 of 1st period - Icing by Kevin Klein.
19:38 of 1st period - Patrick O'Sullivan wins face-off versus Colin Wilson in Ice Dragons zone.
Goals for this period are 0 for Inferno vs 2 for Ice Dragons.
Shots for this period are 5 for Inferno vs 19 for Ice Dragons.
2nd period
0:01 of 2nd period - Patrick O'Sullivan wins face-off versus Pavel Vorobiev in neutral zone.
0:04 of 2nd period - Wrist shot by Jeff Tambellini.
0:04 of 2nd period - Stopped by Josh Harding without a rebound.
0:05 of 2nd period - Patrick O'Sullivan wins face-off versus Vladimir Sobotka in Inferno zone.
0:08 of 2nd period - Wrist shot by Patrick O'Sullivan.
0:08 of 2nd period - Shot Blocked by Brendan Mikkelson.
0:10 of 2nd period - Slapshot by Jonathan Blum.
0:10 of 2nd period - Stopped by Josh Harding with a rebound.
0:16 of 2nd period - Snap shot by Jeff Tambellini.
0:16 of 2nd period - Shot Misses the Net.
1:08 of 2nd period - Slapshot by Brian Boyle.
1:08 of 2nd period - Stopped by Justin Pogge with a rebound.
1:10 of 2nd period - Snap shot by Vladimir Zharkov.
1:10 of 2nd period - Goal by Vladimir Zharkov - Inferno : 1 - Ice Dragons : 2.
1:11 of 2nd period - Colin Wilson wins face-off versus Patrick O'Sullivan in neutral zone.
1:22 of 2nd period - Slapshot by Alexander Radulov.
1:22 of 2nd period - Shot Misses the Net.
1:24 of 2nd period - Snap shot by Patrick O'Sullivan.
1:24 of 2nd period - Shot Misses the Net.
1:26 of 2nd period - Wrist shot by Tyler Eckford.
1:26 of 2nd period - Shot Blocked by Brendan Mikkelson.
1:38 of 2nd period - Danny Syvret is hit by Pavel Vorobiev and loses puck.
1:55 of 2nd period - Slapshot by Brian Boyle.
1:55 of 2nd period - Shot Misses the Net.
1:57 of 2nd period - Slapshot by Travis Hamonic.
1:57 of 2nd period - Stopped by Justin Pogge with a rebound.
1:59 of 2nd period - Snap shot by Travis Hamonic.
1:59 of 2nd period - Stopped by Justin Pogge without a rebound.
2:00 of 2nd period - Patrick O'Sullivan wins face-off versus Brian Boyle in Ice Dragons zone.
2:04 of 2nd period - Icing by Jeff Tambellini.
2:05 of 2nd period - Colin Wilson wins face-off versus Patrick O'Sullivan in Ice Dragons zone.
2:06 of 2nd period - Snap shot by Jonathan Ferland.
2:06 of 2nd period - Stopped by Justin Pogge without a rebound.
2:07 of 2nd period - Patrick O'Sullivan wins face-off versus Colin Wilson in Ice Dragons zone.
2:14 of 2nd period - Snap shot by Jonathan Ferland.
2:14 of 2nd period - Stopped by Justin Pogge with a rebound.
2:32 of 2nd period - Slapshot by Mats Zuccarello.
2:32 of 2nd period - Shot Blocked by Andrej Sekera.
2:42 of 2nd period - Wrist shot by Mats Zuccarello.
2:42 of 2nd period - Stopped by Josh Harding with a rebound.
2:44 of 2nd period - Wrist shot by Niklas Sundstrom.
2:44 of 2nd period - Stopped by Josh Harding without a rebound.
2:45 of 2nd period - Patrick O'Sullivan wins face-off versus Vladimir Sobotka in Inferno zone.
3:12 of 2nd period - David Ullstrom is hit by Kris Beech and loses puck.
3:35 of 2nd period - Snap shot by Andrej Sekera.
3:35 of 2nd period - Shot Misses the Net.
3:37 of 2nd period - Slapshot by Andrej Sekera.
3:37 of 2nd period - Deflect By Matt Kassian.
3:37 of 2nd period - Shot Blocked by Niklas Sundstrom.
3:37 of 2nd period - Puck is out of play.
3:38 of 2nd period - Marc-Antoine Pouliot wins face-off versus Cal O'Reilly in Ice Dragons zone.
3:45 of 2nd period - Snap shot by Niklas Sundstrom.
3:45 of 2nd period - Shot Misses the Net.
4:09 of 2nd period - Snap shot by Cal O'Reilly.
4:09 of 2nd period - Shot Misses the Net.
4:11 of 2nd period - Slapshot by Mark Mitera.
4:11 of 2nd period - Stopped by Justin Pogge without a rebound.
4:12 of 2nd period - Colin Wilson wins face-off versus Jeff Tambellini in Ice Dragons zone.
4:15 of 2nd period - Snap shot by Jonathan Ferland.
4:15 of 2nd period - Shot Misses the Net.
4:23 of 2nd period - Snap shot by Jonathan Ferland.
4:23 of 2nd period - Shot Misses the Net.
5:43 of 2nd period - Wrist shot by Alexander Radulov.
5:43 of 2nd period - Shot Misses the Net.
6:47 of 2nd period - Cal O'Reilly is hit by Shean Donovan and loses puck.
7:00 of 2nd period - Snap shot by Patrick O'Sullivan.
7:00 of 2nd period - Deflect By Brendan Mikkelson.
7:00 of 2nd period - Stopped by Josh Harding with a rebound.
7:23 of 2nd period - Wrist shot by Brad Marchand.
7:23 of 2nd period - Stopped by Justin Pogge with a rebound.
7:41 of 2nd period - Backhand shot by Vladimir Zharkov.
7:41 of 2nd period - Shot Misses the Net.
8:03 of 2nd period - Snap shot by Alex Berry.
8:03 of 2nd period - Shot Blocked by Jonathan Blum.
8:05 of 2nd period - Slapshot by Roman Josi.
8:05 of 2nd period - Stopped by Justin Pogge without a rebound.
8:06 of 2nd period - Patrick O'Sullivan wins face-off versus Colin Wilson in Ice Dragons zone.
8:06 of 2nd period - Patrick O'Sullivan is hit by Stephane Veilleux.
8:32 of 2nd period - Kris Beech is hit by Brad Marchand.
9:17 of 2nd period - Snap shot by Cal O'Reilly.
9:17 of 2nd period - Shot Misses the Net.
9:19 of 2nd period - Slapshot by Roman Josi.
9:19 of 2nd period - Stopped by Justin Pogge with a rebound.
9:21 of 2nd period - Slapshot by Mark Mitera.
9:21 of 2nd period - Shot Blocked by John Mitchell.
9:39 of 2nd period - Icing by Stephane Veilleux.
9:40 of 2nd period - Patrick O'Sullivan wins face-off versus Colin Wilson in Inferno zone.
10:00 of 2nd period - Icing by Stephane Veilleux.
10:01 of 2nd period - Kris Beech wins face-off versus Colin Wilson in Inferno zone.
10:04 of 2nd period - Snap shot by Nigel Dawes.
10:04 of 2nd period - Shot Blocked by Travis Hamonic.
10:06 of 2nd period - Slapshot by Danny Syvret.
10:06 of 2nd period - Shot Misses the Net.
10:08 of 2nd period - Backhand shot by Danny Syvret.
10:08 of 2nd period - Stopped by Josh Harding with a rebound.
10:10 of 2nd period - Wrist shot by Cal Clutterbuck.
10:10 of 2nd period - Deflect By Kris Beech.
10:10 of 2nd period - Shot Misses the Net.
10:10 of 2nd period - Puck is out of play.
10:11 of 2nd period - Cal Clutterbuck wins face-off versus Vladimir Sobotka in Inferno zone.
10:18 of 2nd period - Kris Beech is hit by Brad Marchand and loses puck.
10:23 of 2nd period - Snap shot by Vladimir Sobotka.
10:23 of 2nd period - Stopped by Justin Pogge with a rebound.
10:25 of 2nd period - Slapshot by Brad Marchand.
10:25 of 2nd period - Goal by Brad Marchand - Inferno : 2 - Ice Dragons : 2.
10:26 of 2nd period - Patrick O'Sullivan wins face-off versus Colin Wilson in neutral zone.
11:13 of 2nd period - Niklas Sundstrom is hit by David Ullstrom and loses puck.
11:36 of 2nd period - Slapshot by Andrej Sekera.
11:36 of 2nd period - Deflect By Cal O'Reilly.
11:36 of 2nd period - Stopped by Justin Pogge without a rebound.
11:37 of 2nd period - Cal O'Reilly wins face-off versus Patrick O'Sullivan in Ice Dragons zone.
13:18 of 2nd period - Icing by Cal O'Reilly.
13:19 of 2nd period - Cal O'Reilly wins face-off versus Cal Clutterbuck in Inferno zone.
14:07 of 2nd period - Snap shot by Brian Boyle.
14:07 of 2nd period - Stopped by Justin Pogge with a rebound.
14:09 of 2nd period - Wrist shot by Vladimir Zharkov.
14:09 of 2nd period - Shot Misses the Net.
14:21 of 2nd period - Minor Penalty to Danny Syvret for Diving.
14:22 of 2nd period - Colin Wilson wins face-off versus Shean Donovan in Ice Dragons zone.
14:25 of 2nd period - Snap shot by Brad Marchand.
14:25 of 2nd period - Shot Hit the Post.
15:57 of 2nd period - Andrej Sekera is hit by Mats Zuccarello.
16:21 of 2nd period - Penalty to Danny Syvret is over, Danny Syvret is back on ice.
16:49 of 2nd period - Wrist shot by John Mitchell.
16:49 of 2nd period - Shot Blocked by Roman Josi.
16:51 of 2nd period - Snap shot by Bryan Bickell.
16:51 of 2nd period - Goal by Bryan Bickell - Inferno : 2 - Ice Dragons : 3.
16:52 of 2nd period - Patrick O'Sullivan wins face-off versus Jonathan Ferland in neutral zone.
16:57 of 2nd period - Snap shot by Alexander Radulov.
16:57 of 2nd period - Stopped by Josh Harding with a rebound.
17:04 of 2nd period - Minor Penalty to Tyler Eckford for Holding Stick.
17:05 of 2nd period - Shean Donovan wins face-off versus Colin Wilson in Ice Dragons zone.
17:20 of 2nd period - Slapshot by Andrej Sekera.
17:20 of 2nd period - Shot Misses the Net.
18:51 of 2nd period - Pavel Vorobiev is hit by Mats Zuccarello and loses puck.
19:04 of 2nd period - Penalty to Tyler Eckford is over, Tyler Eckford is back on ice.
19:39 of 2nd period - Tyler Eckford is hit by Cal O'Reilly and loses puck.
19:56 of 2nd period - Cal Clutterbuck is hit by Brian Boyle and loses puck.
Goals for this period are 2 for Inferno vs 1 for Ice Dragons.
Shots for this period are 14 for Inferno vs 8 for Ice Dragons.
3rd period
0:01 of 3rd period - Colin Wilson wins face-off versus Patrick O'Sullivan in neutral zone.
0:06 of 3rd period - Wrist shot by Jonathan Ferland.
0:06 of 3rd period - Shot Blocked by Boris Valabik.
0:08 of 3rd period - Snap shot by Stephane Veilleux.
0:08 of 3rd period - Stopped by Justin Pogge without a rebound.
0:09 of 3rd period - Patrick O'Sullivan wins face-off versus Colin Wilson in Ice Dragons zone.
0:09 of 3rd period - Patrick O'Sullivan is hit by Stephane Veilleux.
0:53 of 3rd period - Wrist shot by Stephane Veilleux.
0:53 of 3rd period - Stopped by Justin Pogge with a rebound.
0:55 of 3rd period - Snap shot by Brendan Mikkelson.
0:55 of 3rd period - Deflect By Jonathan Ferland.
0:55 of 3rd period - Shot Blocked by Jeff Tambellini.
0:55 of 3rd period - Puck is out of play.
0:56 of 3rd period - Vladimir Sobotka wins face-off versus Kris Beech in Ice Dragons zone.
1:01 of 3rd period - Slapshot by Pavel Vorobiev.
1:01 of 3rd period - Stopped by Justin Pogge without a rebound.
1:02 of 3rd period - Vladimir Sobotka wins face-off versus Kris Beech in Ice Dragons zone.
1:03 of 3rd period - Wrist shot by Pavel Vorobiev.
1:03 of 3rd period - Stopped by Justin Pogge with a rebound.
1:48 of 3rd period - Snap shot by Niklas Sundstrom.
1:48 of 3rd period - Shot Misses the Net.
1:50 of 3rd period - Slapshot by Alexander Radulov.
1:50 of 3rd period - Stopped by Josh Harding with a rebound.
1:52 of 3rd period - Wrist shot by Patrick O'Sullivan.
1:52 of 3rd period - Stopped by Josh Harding with a rebound.
1:54 of 3rd period - Snap shot by Patrick O'Sullivan.
1:54 of 3rd period - Shot Hit the Post.
1:56 of 3rd period - Slapshot by Patrick O'Sullivan.
1:56 of 3rd period - Shot Misses the Net.
2:20 of 3rd period - Snap shot by Shean Donovan.
2:20 of 3rd period - Stopped by Josh Harding without a rebound.
2:21 of 3rd period - Patrick O'Sullivan wins face-off versus Brad Marchand in Inferno zone.
3:17 of 3rd period - Snap shot by Shean Donovan.
3:17 of 3rd period - Deflect By Vladimir Zharkov.
3:17 of 3rd period - Stopped by Josh Harding without a rebound.
3:18 of 3rd period - Vladimir Sobotka wins face-off versus Patrick O'Sullivan in Inferno zone.
3:29 of 3rd period - Wrist shot by Vladimir Sobotka.
3:29 of 3rd period - Stopped by Justin Pogge without a rebound.
3:30 of 3rd period - Patrick O'Sullivan wins face-off versus Colin Wilson in Ice Dragons zone.
3:35 of 3rd period - Colin Wilson is hit by Alexander Radulov and loses puck.
3:56 of 3rd period - Brendan Mikkelson is hit by Nigel Dawes.
4:01 of 3rd period - Off-side.
4:02 of 3rd period - Kris Beech wins face-off versus Vladimir Sobotka in neutral zone.
4:07 of 3rd period - Snap shot by Brad Marchand.
4:07 of 3rd period - Stopped by Justin Pogge with a rebound.
4:29 of 3rd period - Colin Wilson is hit by Cal Clutterbuck and loses puck.
4:51 of 3rd period - Slapshot by Brendan Mikkelson.
4:51 of 3rd period - Stopped by Justin Pogge with a rebound.
5:10 of 3rd period - Jonathan Blum is hit by Alex Berry and loses puck.
5:17 of 3rd period - Slapshot by Kevin Klein.
5:17 of 3rd period - Stopped by Josh Harding without a rebound.
5:18 of 3rd period - Colin Wilson wins face-off versus Patrick O'Sullivan in Inferno zone.
5:43 of 3rd period - Boris Valabik is hit by Brad Marchand and loses puck.
5:55 of 3rd period - Minor Penalty to Pavel Vorobiev for Interference.
5:56 of 3rd period - Patrick O'Sullivan wins face-off versus Brian Boyle in Inferno zone.
6:06 of 3rd period - Wrist shot by Jeff Tambellini.
6:06 of 3rd period - Stopped by Josh Harding without a rebound.
6:07 of 3rd period - Brian Boyle wins face-off versus Patrick O'Sullivan in Inferno zone.
6:22 of 3rd period - Slapshot by Patrick O'Sullivan.
6:22 of 3rd period - Deflect By Alexander Radulov.
6:22 of 3rd period - Stopped by Josh Harding without a rebound.
6:23 of 3rd period - Patrick O'Sullivan wins face-off versus Brian Boyle in Inferno zone.
6:50 of 3rd period - Snap shot by Cal Clutterbuck.
6:50 of 3rd period - Goal by Cal Clutterbuck - Inferno : 2 - Ice Dragons : 4.
6:51 of 3rd period - Colin Wilson wins face-off versus Patrick O'Sullivan in neutral zone.
7:02 of 3rd period - Andrej Sekera is hit by Boris Valabik and loses puck.
7:43 of 3rd period - Slapshot by Andrej Sekera.
7:43 of 3rd period - Stopped by Justin Pogge with a rebound.
7:45 of 3rd period - Snap shot by Brendan Mikkelson.
7:45 of 3rd period - Stopped by Justin Pogge without a rebound.
7:46 of 3rd period - Patrick O'Sullivan wins face-off versus Colin Wilson in Ice Dragons zone.
8:13 of 3rd period - Snap shot by Brad Marchand.
8:13 of 3rd period - Stopped by Justin Pogge with a rebound.
8:51 of 3rd period - Matt Kassian is hit by Bryan Bickell.
8:55 of 3rd period - Slapshot by Travis Hamonic.
8:55 of 3rd period - Stopped by Justin Pogge without a rebound.
8:56 of 3rd period - Patrick O'Sullivan wins face-off versus Cal O'Reilly in Ice Dragons zone.
9:36 of 3rd period - Snap shot by Cal O'Reilly.
9:36 of 3rd period - Shot Hit the Post.
9:52 of 3rd period - Snap shot by Cal O'Reilly.
9:52 of 3rd period - Shot Blocked by Nigel Dawes.
9:54 of 3rd period - Backhand shot by Andrej Sekera.
9:54 of 3rd period - Shot Misses the Net.
10:33 of 3rd period - Backhand shot by Cal O'Reilly.
10:33 of 3rd period - Stopped by Justin Pogge without a rebound.
10:34 of 3rd period - Colin Wilson wins face-off versus Patrick O'Sullivan in Ice Dragons zone.
10:59 of 3rd period - Niklas Sundstrom is hit by Vladimir Sobotka and loses puck.
11:23 of 3rd period - Snap shot by Vladimir Zharkov.
11:23 of 3rd period - Stopped by Justin Pogge with a rebound.
11:41 of 3rd period - Wrist shot by Jonathan Ferland.
11:41 of 3rd period - Stopped by Justin Pogge without a rebound.
11:42 of 3rd period - Colin Wilson wins face-off versus Patrick O'Sullivan in Ice Dragons zone.
11:53 of 3rd period - Jonathan Ferland is hit by Patrick O'Sullivan and loses puck.
12:06 of 3rd period - Boris Valabik is hit by Colin Wilson and loses puck.
12:27 of 3rd period - Slapshot by Patrick O'Sullivan.
12:27 of 3rd period - Shot Blocked by Roman Josi.
12:29 of 3rd period - Snap shot by Patrick O'Sullivan.
12:29 of 3rd period - Shot Misses the Net.
12:41 of 3rd period - Snap shot by Colin Wilson.
12:41 of 3rd period - Shot Misses the Net.
12:43 of 3rd period - Slapshot by Roman Josi.
12:43 of 3rd period - Shot Misses the Net.
12:49 of 3rd period - Snap shot by Colin Wilson.
12:49 of 3rd period - Deflect By Jonathan Ferland.
12:49 of 3rd period - Shot Misses the Net.
12:49 of 3rd period - Puck is out of play.
12:50 of 3rd period - Vladimir Sobotka wins face-off versus Kris Beech in Ice Dragons zone.
12:51 of 3rd period - Wrist shot by Pavel Vorobiev.
12:51 of 3rd period - Stopped by Justin Pogge without a rebound.
12:52 of 3rd period - Vladimir Sobotka wins face-off versus Kris Beech in Ice Dragons zone.
12:59 of 3rd period - Backhand shot by Vladimir Sobotka.
12:59 of 3rd period - Shot Misses the Net.
13:01 of 3rd period - Slapshot by Brendan Mikkelson.
13:01 of 3rd period - Stopped by Justin Pogge with a rebound.
13:03 of 3rd period - Snap shot by Brad Marchand.
13:03 of 3rd period - Stopped by Justin Pogge with a rebound.
13:05 of 3rd period - Snap shot by Brad Marchand.
13:05 of 3rd period - Stopped by Justin Pogge with a rebound.
13:07 of 3rd period - Slapshot by Brendan Mikkelson.
13:07 of 3rd period - Shot Blocked by Boris Valabik.
14:00 of 3rd period - Slapshot by Travis Hamonic.
14:00 of 3rd period - Stopped by Justin Pogge without a rebound.
14:01 of 3rd period - Kris Beech wins face-off versus Vladimir Sobotka in Ice Dragons zone.
14:16 of 3rd period - Snap shot by Pavel Vorobiev.
14:16 of 3rd period - Shot Misses the Net.
14:31 of 3rd period - Mark Mitera is hit by Jonathan Blum and loses puck.
16:06 of 3rd period - Patrick O'Sullivan is hit by Pavel Vorobiev and loses puck.
16:29 of 3rd period - Wrist shot by Shean Donovan.
16:29 of 3rd period - Shot Misses the Net.
18:09 of 3rd period - Kris Beech is hit by Mark Mitera and loses puck.
18:32 of 3rd period - Tyler Eckford is hit by Stephane Veilleux and loses puck.
19:39 of 3rd period - Jonathan Blum is hit by Alex Berry and loses puck.
Goals for this period are 0 for Inferno vs 1 for Ice Dragons.
Shots for this period are 19 for Inferno vs 8 for Ice Dragons.
Output by the SimonT Hockey Simulator (STHS) for François Prévost -- Original Page W3C XHTML 1.0 Valid